 Dungeon Crawl Stone Soup version 0.23.0 (webtiles) character file.

Game seed: 14821547403979419697

4902 IcyTea the Carver (level 10, -1/75 HPs)
             Began as a Vampire Conjurer on Feb 9, 2019.
             Was a Follower of Uskayaw.
             Slain by a troll (15 damage)
             ... on level 11 of the Dungeon.
             The game lasted 00:42:20 (10623 turns).

IcyTea the Carver (Vampire Conjurer)               Turns: 10623, Time: 00:42:20

Health: -1/75      AC: 10    Str:  8    XL:     10   Next: 27%
Magic:  14/19      EV: 13    Int: 21    God:    Uskayaw [*.....]
Gold:   574        SH:  0    Dex: 16    Spells: 11/21 levels left

rFire    . . .     SeeInvis +   a - +3 falchion (elec)
rCold    . . .     Gourm    .   (no shield)
rNeg     + . .     Faith    .   C - +0 steam dragon scales
rPois    .         Spirit   .   w - +0 helmet
rElec    .         Reflect  .   x - +0 cloak
rCorr    +         Harm     .   K - +2 pair of gloves
MR       +....                  (no boots)
Stlth    ++........             l - amulet of magic regeneration
HPRegen  0.22/turn              k - +2 ring of dexterity
MPRegen  0.41/turn              q - ring of resist corrosion

@: very slightly contaminated
A: rotting body, fangs 3, see invisible, unbreathing
a: Bat Form, Stomp, Renounce Religion


You were on level 11 of the Dungeon.
You worshipped Uskayaw.
Uskayaw was noncommittal.
You were not thirsty.

You visited 2 branches of the dungeon, and saw 11 of its levels.

You collected 574 gold pieces.

Inventory:

Hand Weapons
 a - a +3 falchion of electrocution (weapon)
 O - a +0 scimitar
Missiles
 d - a throwing net (quivered)
Armour
 b - a +2 leather armour of fire resistance
 w - a +0 helmet (worn)
 x - a +0 cloak (worn)
 C - +0 steam dragon scales (worn)
 K - a +2 pair of gloves (worn)
Jewellery
 k - a +2 ring of dexterity (left hand)
 l - an amulet of magic regeneration (around neck)
 o - an uncursed ring of poison resistance
 q - a ring of resist corrosion (right hand)
 F - an uncursed amulet of the gourmand {unknown}
Wands
 f - a wand of polymorph (11)
 r - a wand of digging (7)
 s - a wand of acid (9)
 y - a wand of disintegration (13)
 D - a wand of clouds (6)
 I - a wand of iceblast (4)
Scrolls
 g - a scroll of fog {unknown}
 i - a scroll of enchant weapon
 m - 5 scrolls of remove curse
 n - a scroll of blinking
 p - 2 scrolls of magic mapping
 B - a scroll of noise {unknown}
 L - a scroll of fear {unknown}
 M - a scroll of holy word {unknown}
 N - a scroll of amnesia {unknown}
Potions
 c - a potion of resistance {unknown}
 e - a potion of cancellation
 h - a potion of curing
 j - a potion of degeneration {unknown}
 t - a potion of magic {unknown}
 u - 3 potions of heal wounds
 v - 10 potions of blood
 z - a potion of brilliance {unknown}
 A - a potion of agility {unknown}
 E - a potion of berserk rage
 G - a potion of ambrosia {unknown}
 H - a potion of might {unknown}
 J - a potion of mutation {unknown}
 P - a potion of invisibility {unknown}


   Skills:
 + Level 5.6 Fighting
 - Level 11.1 Long Blades
 - Level 2.1 Dodging
 - Level 3.0 Stealth
 - Level 6.0 Spellcasting
 - Level 3.0 Conjurations
 - Level 7.0 Hexes


You had 11 spell levels left.
You knew the following spells:

 Your Spells              Type           Power        Failure   Level  Hunger
a - Magic Dart            Conj           ###.         2%          1    None
b - Dazzling Spray        Conj/Hex       ####..       3%          3    ##.....
c - Searing Ray           Conj           ###...       4%          2    None
d - Fulminant Prism       Conj/Hex       ####......   12%         4    ####...

Your spell library contained the following spells:

 Spells                   Type           Power        Failure   Level  Hunger
 Iskenderun's Mystic Bla  Conj           ###.....     28%         4    ####...
 Force Lance              Conj/Tloc      ##......     45%         4    ####...


Dungeon Overview and Level Annotations

Branches:
Dungeon (9/15)             Temple (1/1) D:4
   Lair: D:8-11         Orc: D:9-12

Altars:
Ashenzari
Cheibriados
Dithmenos
Elyvilon
Fedhas
Gozag
Hepliaklqana
Kikubaaqudgha
Makhleb
Nemelex Xobeh
Okawaru
Qazlal
Ru
Sif Muna
Trog
Uskayaw
Vehumet
Wu Jian
Xom
Yredelemnul
Zin
The Shining One

Shops:
D:6 (

Annotations:
D:8 1 runed translucent door, P0WERM0DE's ghost, novice MiFi


Innate Abilities, Weirdness & Mutations

Your body is rotting away.
You thrive on raw meat.
You have razor-sharp teeth.
You have supernaturally acute eyesight. (SInv)
You can survive without breathing.


Message History

The searing ray hits the troll but does no damage. (Press . to maintain the ray.)
The unseen horror hits you. The troll bites you!
The troll completely misses you. The troll misses you.
The searing ray hits the troll.
The troll is lightly wounded.
The unseen horror hits you. The troll misses you. The troll claws you.
The troll closely misses you.
The searing ray hits the troll!
The troll is moderately wounded.
The unseen horror hits you but does no damage.
The troll bites you but does no damage. The troll misses you.
The troll claws you!
* * * LOW HITPOINT WARNING * * *
The searing ray hits the troll!
The troll is heavily wounded.
You finish channeling your searing ray.
The unseen horror completely misses you.
The troll bites you!
You die...

#...#....#
#...#....#
#...#....#
###'##....#
#.....#####
#.....#..#
#.....#..#
######.....Tx.#
#....##'####@.#
#..†..........#
#..)....(.....#
#.............#
#######...#####
#+###


You could see a troll and an unseen horror (invisible).

Vanquished Creatures
  An ugly thing (D:11)
  2 hippogriffs (D:7)
  A hungry ghost (D:9)
  A steam dragon (D:9)
  2 sky beasts (D:6)
  An ice beast (D:5)
  A black bear (D:8)
  5 orc warriors
  2 ogres
  6 centaurs
  5 bullfrogs
  A water moccasin skeleton (D:7)
  A scorpion (D:4)
  3 howler monkeys
  5 wights (D:7)
  6 crimson imps
  4 hounds
  4 jellies
  A quasit (D:9)
  A bullfrog skeleton (D:7)
  10 orc priests
  8 orc wizards
  A centaur skeleton (D:7)
  4 iguanas
  7 worker ants
  3 worker ant zombies
  3 gnolls (D:5)
  12 adders
  5 shadow imps
  3 adder skeletons
  A worm (D:4)
  A dart slug (D:1)
  4 leopard geckos
  37 orcs
  5 giant cockroaches
  3 goblins
  6 hobgoblins
  10 jackals
  4 kobolds
  7 quokkas
  2 ball pythons
  2 bats
  9 frilled lizards
  A jackal skeleton (D:5)
  A leopard gecko skeleton (D:5)
  A quokka zombie (D:9)
  10 rats
213 creatures vanquished.

Notes
Turn   | Place    | Note
-------+----------+-------------------------------------------
     0 | D:1      | IcyTea the Vampire Conjurer began the quest for the Orb.
     0 | D:1      | Reached XP level 1. HP: 13/13 MP: 3/3
   184 | D:1      | Reached XP level 2. HP: 19/19 MP: 0/5
  1095 | D:1      | Reached XP level 3. HP: 12/24 MP: 1/7
  1382 | D:2      | Found a white marble altar of Elyvilon.
  1489 | D:2      | Learned a level 3 spell: Dazzling Spray
  1553 | D:2      | Reached XP level 4. HP: 20/30 MP: 5/10
  1813 | D:2      | Reached skill level 1 in Hexes
  2437 | D:4      | Reached XP level 5. HP: 19/35 MP: 3/11
  2441 | D:4      | Learned a level 2 spell: Searing Ray
  2672 | D:4      | Reached skill level 5 in Hexes
  2681 | D:4      | HP: 1/35 [orc/+0 flail (5)]
  3366 | D:4      | Found a staircase to the Ecumenical Temple.
  3374 | Temple   | Entered the Ecumenical Temple
  3639 | Temple   | Became a worshipper of Uskayaw the Reveler
  3749 | D:4      | Reached * piety under Uskayaw
  3761 | D:4      | Reached skill level 1 in Fighting
  3763 | D:4      | Reached ** piety under Uskayaw
  3768 | D:4      | Reached *** piety under Uskayaw
  3786 | D:4      | Reached XP level 6. HP: 8/44 MP: 3/12
  4816 | D:5      | Entered Level 5 of the Dungeon
  4940 | D:5      | Found a snail-covered altar of Cheibriados.
  4974 | D:5      | Reached skill level 1 in Long Blades
  5022 | D:5      | Found a deep blue altar of Sif Muna.
  5023 | D:5      | Found a basalt altar of Yredelemnul.
  5023 | D:5      | Found a glowing golden altar of the Shining One.
  5185 | D:5      | Reached skill level 2 in Long Blades
  5205 | D:5      | Reached skill level 3 in Long Blades
  5243 | D:5      | Reached XP level 7. HP: 49/51 MP: 8/13
  5365 | D:5      | Reached skill level 4 in Long Blades
  5371 | D:5      | Reached **** piety under Uskayaw
  5374 | D:5      | Reached ***** piety under Uskayaw
  5382 | D:5      | Reached skill level 5 in Long Blades
  5552 | D:5      | Reached skill level 6 in Long Blades
  5764 | D:6      | Reached XP level 8. HP: 57/57 MP: 14/14
  5887 | D:6      | Found Diohoqud's Weapon Emporium.
  5963 | D:6      | Found a hazy altar of Hepliaklqana.
  6186 | D:6      | Reached skill level 7 in Long Blades
  6564 | D:6      | Reached skill level 8 in Long Blades
  7082 | D:7      | Noticed a hippogriff
  7200 | D:7      | Reached skill level 9 in Long Blades
  7311 | D:7      | Noticed a hippogriff
  7325 | D:7      | Killed a hippogriff
  7325 | D:7      | Reached skill level 10 in Long Blades
  7325 | D:7      | Reached XP level 9. HP: 44/62 MP: 4/15
  7770 | D:7      | Found a blossoming altar of Fedhas.
  8021 | D:7      | Reached skill level 11 in Long Blades
  8481 | D:8      | Found an iron altar of Okawaru.
  8516 | D:8      | Reached skill level 5 in Spellcasting
  8815 | D:8      | Noticed a two-headed ogre
  9059 | D:8      | Found a runed translucent door.
  9061 | D:8      | Noticed P0WERM0DE's ghost (novice MiFi)
  9692 | D:9      | Learned a level 4 spell: Fulminant Prism
  9784 | D:9      | HP: 2/62 [orc warrior/+0 long sword (14)]
 10109 | D:9      | Reached XP level 10. HP: 70/70 MP: 19/19
 10243 | D:9      | Noticed a two-headed ogre
 10459 | D:9      | You fall through a shaft for 2 floors!
 10460 | D:11     | Noticed a brown ugly thing
 10483 | D:11     | Killed a brown ugly thing
 10483 | D:11     | Reached skill level 5 in Fighting
 10601 | D:11     | Noticed an unseen horror
 10623 | D:11     | Slain by a troll

Skill      XL: |  1  2  3  4  5  6  7  8  9 10 |
---------------+-------------------------------+-----
Conjurations   | 3 |  3.0
Spellcasting   | 3 4 6 |  6.0
Hexes          | 4 5 7 |  7.0
Fighting       | 2 3 5 |  5.6
Long Blades    | 3 6 10 11 | 11.1
Dodging        | |  2.1
Stealth        | |  3.0

Action                   |  1- 3 |  4- 6 |  7- 9 | 10-12 || total
-------------------------+-------+-------+-------+-------++-------
Melee: Spear             |    67 |    43 |       |       ||   110
       Bite              |     3 |     7 |    21 |     5 ||    36
       Quarterstaff      |       |    43 |       |       ||    43
       Falchion          |       |    26 |   236 |    41 ||   303
 Fire: Hunting sling     |     8 |       |       |       ||     8
Throw: Stone             |     1 |       |       |       ||     1
 Cast: Magic Dart        |    69 |    39 |       |       ||   108
       Dazzling Spray    |       |    11 |     7 |     9 ||    27
       Searing Ray       |       |    14 |    41 |     5 ||    60
Invok: Stomp             |       |       |       |     2 ||     2
 Abil: End Transformatio |       |       |     2 |     1 ||     3
       Bat Form          |       |       |     2 |     1 ||     3
  Use: Scroll            |     1 |     1 |     7 |       ||     9
       Potion            |       |     5 |    15 |       ||    20
 Stab: Sleeping          |     4 |     5 |    11 |     1 ||    21
       Distracted        |     1 |       |       |       ||     1
       Invisible         |       |     2 |       |     1 ||     3
       Paralysed         |       |     2 |     6 |     4 ||    12
  Eat: Corpse            |     3 |     4 |     7 |     3 ||    17
Armor: Robe              |    28 |    11 |       |       ||    39
       Leather armour    |       |    36 |   123 |       ||   159
       Steam dragon scal |       |       |     1 |    24 ||    25
Dodge: Dodged            |    78 |   117 |   195 |    52 ||   442
       Rpst.: Falchion   |       |     8 |    54 |    12 ||    74
